AoeStats
← ♠♠•CAZADOR DE JABALI•♠

Arabian Desert

510165496Analyzed
1v1 RM · 1d ago on Sep 29, 2026· 25m 53s· 2 players
Game mode
Random Map
Map size
Tiny (2 player)
Population
200
Speed
Normal
Resources
Standard
Victory
Conquest
Starting age
Dark Age
Ending age
Imperial Age
RankedLock teamsTeams togetherTeam positionsShared explorationLock speedFull tech treeHidden civsTurbo modeCheats
Victory
Defeat
1678
+19
🇲🇽 Goths · Mexico
1746
-19
Chechito
6:54 Loom
12:34 Feudal Age
13:44 Double-Bit Axe
22:34 Castle Age
21:43 Scale Barding Armor
22:38 Bloodlines
♠♠•CAZADOR DE JABALI•♠
6:03 Loom
8:32 Feudal Age
9:25 Double-Bit Axe
11:58 Fletching
16:00 Wheelbarrow
20:48 Castle Age
19:13 Gold Mining
20:26 Bloodlines
21:25 Bodkin Arrow
20:51 Crossbowman
21:43 Bow Saw
22:47 Scale Barding Armor
23:39 Padded Archer Armor
24:43 Chain Barding Armor
25:09 Forging
25:48 Town Watch
Connection lost

Rejoining the realm…

Still unreachable

The connection could not be restored.

Session expired

The server has moved on; the page needs a fresh start.